 Dungeon Crawl Stone Soup version 0.29-a0-841-g116ddc6ace (webtiles) character file.

Game seed: 12144988824153611758

18 mathmaestro the Grave Robber (level 2, 0/20 HPs)
             Began as a Demonspawn Necromancer on July 15, 2022.
             Slain by a hobgoblin (3 damage)
             ... on level 1 of the Dungeon.
             The game lasted 00:01:28 (559 turns).

mathmaestro the Grave Robber (DsNe)                  Turns: 559, Time: 00:01:29

Health: 0/20       AC:  2    Str:  8    XL:     2   Next: 51%
Magic:  0/5        EV: 12    Int: 16    God:
Gold:   46         SH:  0    Dex: 13    Spells: 4/5 levels left

rFire   . . .      SeeInvis .   (no weapon)
rCold   . . .      Faith    .   (no shield)
rNeg    . . .      Spirit   .   a - +0 robe
rPois   .          Reflect  .   (no helmet)
rElec   .          Harm     .   (no cloak)
rCorr   .          Rampage  .   (no gloves)
Will    .....                   (no boots)
Stlth   ++........              (no amulet)
HPRegen 0.06/turn               (no ring)
MPRegen 0.09/turn               (no ring)

@: flying
A: weakness stinger 1
a: no special abilities


You were on level 1 of the Dungeon.
You visited 1 branch of the dungeon, and saw 1 of its levels.

You collected 46 gold pieces.

Inventory:

Armour
 a - a +0 robe (worn)
Potions
 b - a potion of magic


   Skills:
 + Level 0.6 Fighting
 + Level 0.5 Armour
 - Level 2.0 Dodging
 - Level 2.0 Stealth
 + Level 2.2 Spellcasting
 + Level 4.5 Necromancy


You had 4 spell levels left.
You knew the following spells:

 Your Spells              Type           Power      Damage    Failure   Level
a - Necrotise             Necr           64%        1d7       3%          1

Your spell library contained the following spells:

 Spells                   Type           Power      Damage    Failure   Level
 Vampiric Draining        Necr           16%        2d7       10%         3
 Animate Dead             Necr           16%        N/A       30%         4
 Agony                    Necr           16%        N/A       65%         5


Dungeon Overview and Level Annotations

Branches:
Dungeon (1/15)

Altars:


Innate Abilities, Weirdness & Mutations

You have a small tail.


Message History

Aim: a hobgoblin (ally target, chance to affect: 86%)
The hobgoblin barely resists.
The kobold throws a stone.
The stone hits your hobgoblin skeleton.
Casting: Necrotise (safe; 3% risk of failure)
Confirm with . or Enter, or press ? or * to list all spells.
Aiming: Necrotise (safe; 3% risk of failure)
Press: ? - help, Shift-Dir - straight line, f/p - hobgoblin
Aim: a hobgoblin (ally target, chance to affect: 86%)
The hobgoblin writhes in agony.
Your hobgoblin skeleton hits the hobgoblin.
The kobold throws a stone.
The stone hits your hobgoblin skeleton. The hobgoblin hits you.
* * * LOW HITPOINT WARNING * * *
Your hobgoblin skeleton hits the hobgoblin.
It was a potion of flight.
You feel very buoyant.
You fly up into the air.
The kobold hits your hobgoblin skeleton with a +0 short sword.
Your hobgoblin skeleton is destroyed!
The hobgoblin closely misses you.
Casting: Necrotise (safe; 3% risk of failure)
Confirm with . or Enter, or press ? or * to list all spells.
Aiming: Necrotise (safe; 3% risk of failure)
Press: ? - help, Shift-Dir - straight line, f/p - hobgoblin
Aim: a hobgoblin (severely wounded, chance to affect: 86%)
The hobgoblin barely resists.
The hobgoblin hits you.
* * * LOW HITPOINT WARNING * * *
The hobgoblin attacks as you move away! The hobgoblin barely misses you.
The hobgoblin attacks as you move away! The hobgoblin hits you.
* * * LOW HITPOINT WARNING * * *
Casting: Necrotise (safe; 3% risk of failure)
Confirm with . or Enter, or press ? or * to list all spells.
Aiming: Necrotise (safe; 3% risk of failure)
Press: ? - help, Shift-Dir - straight line, f/p - hobgoblin
Aim: a hobgoblin (severely wounded, chance to affect: 86%)
The hobgoblin barely resists.
The hobgoblin completely misses you.
You hit the hobgoblin but do no damage.
The hobgoblin is severely wounded.
The hobgoblin hits you.
You die...

#.####
#########..##.#.#..
#Z# #.###<#.### #.#
###### #..####....
#.####....######
##.......##
...............#
#######.#
######.........#
#.#
...###....g...####
#.#
#.#####.....[...#
#.#
#........†..Kg@.#
#.#
#...............#
#.#
#...............#
####.#
###.#####.........#
#....# #...#
#.###############
#.#### #..## #.#
#..........# #.# ##
#..# ###.#
#.########.# #.# #.
...# #...####.#
###.# #.# #.
#..####........#
#...# #.####.


You could see 2 hobgoblins and a kobold.

Vanquished Creatures
  A dart slug (D:1)
  3 endoplasms (D:1)
  A giant cockroach (D:1)
  3 hobgoblins (D:1)
  A quokka (D:1)
  A ball python (D:1)
  A frilled lizard (D:1)
  4 rats (D:1)
15 creatures vanquished.

Vanquished Creatures (collateral kills)
  A rat (D:1)
1 creature vanquished.

Grand Total: 16 creatures vanquished

Notes
Turn   | Place    | Note
-------+----------+-------------------------------------------
     0 | D:1      | mathmaestro the Demonspawn Necromancer began the quest for
                  | the Orb.
     0 | D:1      | Reached XP level 1. HP: 13/13 MP: 3/3
   166 | D:1      | Gained mutation: You have a small tail. [demonic ancestry]
   166 | D:1      | Reached XP level 2. HP: 20/20 MP: 1/5
   559 | D:1      | Slain by a hobgoblin

Illustrated notes

Levels and vault maps discovered:
D:1:      lemuel_arrival_cross, layout_basic, minmay_lizard_king

Skill      XL: |  1  2 |
---------------+-------+-----
Dodging        | 2 |  2.0
Stealth        | 2 |  2.0
Fighting       | |  0.6
Armour         | |  0.5
Spellcasting   | |  2.2
Necromancy     | |  4.5

Action                   || total
-------------------------++-------
Melee: Unarmed           ||     2
 Cast: Necrotise         ||    28
  Use: Potion            ||     1
Dodge: Dodged            ||     6

Table legend: (Time is in decaauts)
 A = Elapsed time spent in this place.
 B = Non-inter-level travel time spent in this place.
 C = Inter-level travel time spent in this place.
 D = Time resting spent in this place.
 E = Time spent auto-exploring this place.
 F = Levels seen in this place.
 G = Mean time per level.
                   A        B        C        D        E       F      G
               +--------+--------+--------+--------+--------+-----+--------+
         Total |    559 |    559 |      0 |    114 |    342 |   1 |  559.0 |
       Dungeon |    559 |    559 |      0 |    114 |    342 |   1 |  559.0 |
               +--------+--------+--------+--------+--------+-----+--------+

Top non-repeatable levels by time:
     D:1: 559 daAuts
